 Dungeon Crawl Stone Soup version 0.20-a0-942-ga5226df (webtiles) character file.

256 M4edhros the Covert (level 6, -2/38 HPs)
             Began as an Octopode Artificer on Apr 1, 2017.
             Was an Initiate of Kikubaaqudgha.
             Slain by a worm (12 damage)
             ... in a sewer.
             The game lasted 00:02:38 (1236 turns).

M4edhros the Covert (Octopode Artificer)            Turns: 1236, Time: 00:02:43

Health: -2/38      AC:  1    Str: 11    XL:     6   Next: 15%
Magic:  8/8        EV: 13    Int: 13    God:    Kikubaaqudgha [......]
Gold:   52         SH:  0    Dex: 15    Spells: 5/5 levels left

rFire    . . .     SeeInvis .   a - +0 short sword
rCold    . . .     Gourm    .   (no shield)
rNeg     . . .     Faith    .   (helmet restricted)
rPois    .         Spirit   .   (no amulet)
rElec    .         Reflect  .   (no ring)
rCorr    .         Harm     .   (no ring)
MR       .....                  (no ring)
Stlth    +++++.....             (no ring)
Regen    0.2/turn               (no ring)
MPRegen  0.2/turn               (no ring)
                                (no ring)
                                (no ring)

@: no status effects
A: almost no armour, stealthy swim, amphibious, 8 rings, constrict 8, camouflage
1, gelatinous body 1
a: Renounce Religion


You were in a sewer.
You worshipped Kikubaaqudgha.
Kikubaaqudgha was noncommittal.
You were not hungry.

You visited 1 branch of the dungeon, and saw 4 of its levels.
You also visited: Sewer.

You collected 52 gold pieces.

Inventory:

Hand Weapons
 a - a +0 short sword (weapon)
 i - a +2 dagger of venom
Armour
 l - a +0 buckler
Jewellery
 h - an uncursed ring of protection from cold {unknown}
Wands
 b - a wand of flame (15/48)
 c - a wand of enslavement (9/24)
 d - a wand of random effects (13/48)
Scrolls
 e - a scroll of remove curse {unknown}
Potions
 k - a potion of curing
Comestibles
 f - a bread ration
 j - a meat ration


   Skills:
 - Level 1.0 Fighting
 - Level 1.0 Short Blades
 - Level 2.0 Dodging
 + Level 8.6 Stealth
 - Level 3.2 Evocations


You had 5 spell levels left.
You didn't know any spells.

Dungeon Overview and Level Annotations

Branches:
Dungeon (4/15)
 Temple: D:4-7

Altars:
Hepliaklqana
Kikubaaqudgha
Nemelex Xobeh
Okawaru

Annotations:
D:3 1 runed door


Innate Abilities, Weirdness & Mutations

You cannot wear most types of armour.
You are very stealthy in the water. (Stealth+)
You are amphibious.
You can wear up to eight rings at the same time.
You can use your tentacles to constrict eight enemies at once.
Your skin changes colour to match your surroundings (Stealth+).
Your rubbery body absorbs attacks. (AC +1, EV +1)


Message History

Kikubaaqudgha accepts your kill. The worm barely misses you.
You hit the worm. You grab the worm.
The worm is moderately wounded.
You constrict the worm. The worm closely misses you. x2
Unknown command.
You hit the worm. You grab the worm. You squeeze the worm!
The worm is severely wounded.
You constrict the worm. x2; The worm completely misses you.
Unknown command.
You hit the worm.
The worm is severely wounded.
You constrict the worm. x2; The worm bites you!
You completely miss the worm.
The worm is moderately wounded.
You constrict the worm. x2; The worm bites you!
* * * LOW HITPOINT WARNING * * *
The worm bites you!
You die...
Kikubaaqudgha rasps: "You have failed me!
Welcome... death!"

#≈≈≈≈≈≈≈.≈≈≈.≈≈.≈.≈≈≈.≈#
#≈≈≈≈≈≈≈≈≈≈≈≈≈≈≈≈≈≈≈≈≈≈#
#≈≈≈≈≈.≈≈≈≈≈≈≈≈≈≈≈≈≈≈≈≈#
#≈≈≈###≈≈≈####≈≈####≈≈.#
#≈≈≈# #.≈≈# #≈.# #≈≈≈#
#≈≈≈# #≈≈≈# #.≈# #≈≈≈#
#≈≈.# #.≈≈####..####.≈.#
#≈≈≈# #≈≈≈##.#..#.##.≈≈#
#≈≈≈# #≈≈.##.'..@.##≈≈.#
#≈≈≈# #≈≈≈##.'..ww##≈≈.#
#≈≈.# #.≈≈##.#..#.##≈≈≈#
#≈≈≈# #≈≈≈####..####≈≈≈#
#≈≈.# #.≈≈# #..# #≈≈≈#
#≈≈≈# #≈≈.# #..# #≈≈≈#
#≈≈.# #.≈≈# #..# #≈≈≈#
#≈≈≈# #≈≈.# +..+ #≈≈.#
#≈≈≈# #≈≈≈# +..+ #.≈≈#


You could see 2 worms.

Vanquished Creatures
  A bullfrog (D:3)
  An orc wizard (D:4)
  An orc priest (D:4)
  2 adders
  3 oozes (Sewer)
  3 worms
  2 dart slugs (D:1)
  3 leopard geckos
  2 orcs
  A bat (D:2)
  2 giant cockroaches
  2 goblins
  6 hobgoblins
  11 jackals
  A quokka (D:4)
  3 ball pythons (Sewer)
  2 frilled lizards
  3 kobolds
  A rat (D:2)
50 creatures vanquished.

Vanquished Creatures (collateral kills)
  An orc wizard (D:4)
  An orc (D:4)
  A jackal (D:3)
3 creatures vanquished.

Vanquished Creatures (others)
  An ogre (D:4)
1 creature vanquished.

Grand Total: 54 creatures vanquished

Notes
Turn   | Place    | Note
-------+----------+-------------------------------------------
     0 | D:1      | M4edhros the Octopode Artificer began the quest for the Orb.
     0 | D:1      | Reached XP level 1. HP: 13/13 MP: 3/3
    37 | D:1      | Reached skill level 2 in Stealth
    47 | D:1      | Reached XP level 2. HP: 9/18 MP: 4/4
   226 | D:1      | Reached skill level 3 in Stealth
   336 | D:2      | Found an iron altar of Okawaru.
   336 | D:2      | Found a hazy altar of Hepliaklqana.
   389 | D:2      | Reached skill level 4 in Stealth
   404 | D:2      | Reached XP level 3. HP: 20/23 MP: 5/5
   416 | D:2      | Found a sparkling altar of Nemelex Xobeh.
   674 | D:3      | Reached skill level 5 in Stealth
   708 | D:4      | Noticed an ogre
   716 | D:4      | Reached XP level 4. HP: 21/28 MP: 6/6
   730 | D:4      | Reached skill level 6 in Stealth
   745 | D:4      | Found an ancient bone altar of Kikubaaqudgha.
   761 | D:4      | Became a worshipper of Kikubaaqudgha
   780 | D:4      | Reached skill level 7 in Stealth
   780 | D:4      | Reached XP level 5. HP: 16/33 MP: 7/7
   810 | D:3      | Found a runed door.
   979 | D:3      | Reached skill level 8 in Stealth
   981 | D:3      | Reached XP level 6. HP: 15/38 MP: 8/8
  1044 | D:3      | Found a glowing drain.
  1052 | Sewer    | Entered a sewer
  1236 | Sewer    | Slain by a worm

Vault maps used:
D:1:      dpeg_chamrin_arrival_tetris
D:2:      nicolae_ru_the_path_less_chosen, old_standard_altar,
          amethyst_overflow_temple_binary
D:3:      lightli_sewer_entry_pipes, uniq_crazy_yiuf_cottage
D:4:      lemuel_coloured_pillars_altar, bloody_trog, temple_hall, first_bread
Sewer:    sewer_fruit_machine

Skill      XL: |  1  2  3  4  5 |
---------------+----------------+-----
Stealth        | 2 4 5 7 8 |  8.6
Fighting       | |  1.0
Short Blades   | |  1.0
Dodging        | |  2.0
Evocations     | |  3.2

Action                   |  1- 3 |  4- 6 || total
-------------------------+-------+-------++-------
Melee: Short sword       |    57 |    45 ||   102
       Constrict         |    21 |    12 ||    33
       Tentacles         |    11 |     8 ||    19
Evoke: Wand              |     2 |     6 ||     8
  Use: Potion            |     1 |     1 ||     2
       Scroll            |     1 |       ||     1
 Stab: Sleeping          |     5 |    10 ||    15
       Betrayed ally     |     1 |       ||     1
       Paralysed         |       |     1 ||     1
  Eat: Chunk             |       |     1 ||     1
Armor: Skin              |     5 |       ||     5
Dodge: Dodged            |    38 |    26 ||    64
